 Dungeon Crawl Stone Soup version 0.20-a0-739-g6bb112f (webtiles) character file.

53368 HarryHood the Warrior (level 14, 0/135 HPs)
             Began as a Minotaur Berserker on Feb 24, 2017.
             Was a High Priest of Trog.
             Succumbed to a spiny frog's poison
             ... on level 6 of the Lair of Beasts on Feb 25, 2017.
             The game lasted 01:06:53 (19393 turns).

HarryHood the Warrior (Minotaur Berserker)         Turns: 19393, Time: 01:06:54

Health: 0/135      AC: 27    Str: 23    XL:     14   Next: 30%
Magic:  0/4        EV: 14    Int:  4    God:    Trog [*****.]
Gold:   1652       SH:  0    Dex: 15    Spells: 13/13 levels left

rFire    + + .     SeeInvis .   a - +3 great mace (antimagic)
rCold    + . .     Gourm    .   H - +1 plate armour
rNeg     . . .     Faith    .   (shield currently unavailable)
rPois    +         Spirit   +   n - +0 hat
rElec    +         Reflect  .   o - scarf {rC+ rF+}
rCorr    +         Harm     .   q - +2 pair of gloves
MR       +++..                  (no boots)
Stlth    ..........             e - amulet of guardian spirit
Regen    1.4/turn               P - ring "Gumat" {rElec rPois AC+4 Str-4 Dex+3}
MPRegen  0.1/turn               j - ring of resist corrosion

@: lethally poisoned (0 -> -1), regenerating
A: retaliatory headbutt, horns 2, slimy green scales 1, fire resistance 1,
strong 1
a: Berserk, Trog's Hand, Brothers in Arms, Burn Spellbooks, Renounce Religion


You were on level 6 of the Lair of Beasts.
You worshipped Trog.
Trog was extremely pleased with you.
You were not hungry.

You visited 3 branches of the dungeon, and saw 19 of its levels.
You also visited: Ice Cave.

You collected 1668 gold pieces.
You spent 16 gold pieces at shops.

Inventory:

Hand Weapons
 a - a +3 antimagic great mace (weapon)
 b - the +8 fustibalus "Mucsug" {freeze, rPois rC+}
   (Trog gifted it to you on level 4 of the Lair of Beasts)

   It causes projectiles fired from it to freeze those they strike, causing
   extra injury to most foes and up to half again as much damage against
   particularly susceptible opponents.
   They can also slow down cold-blooded creatures.
   It protects you from cold.
   It protects you from poison.
 t - a +6 flail
Missiles
 v - 139 sling bullets
Armour
 n - a +0 hat (worn)
 o - a scarf of resistance (worn)
 q - a +2 pair of gloves (worn)
 H - a +1 plate armour (worn)
 L - a +2 cloak
 M - +0 ice dragon scales
Jewellery
 e - an amulet of guardian spirit (around neck)
 j - a ring of resist corrosion (left hand)
 A - an uncursed ring of positive energy
 I - an uncursed ring of poison resistance
 J - an uncursed ring of protection from cold
 N - an uncursed ring of magical power
 O - the ring "Doystev" {rElec rF++ Dex-4 SInv}
   (You found it in an ice cave)

   [ring of see invisible]

   It affects your dexterity (-4).
   It greatly protects you from fire.
   It insulates you from electricity.
   It lets you see invisible.
 P - the ring "Gumat" (right hand) {rElec rPois AC+4 Str-4 Dex+3}
   (You found it in an ice cave)

   [ring of protection]

   It affects your AC (+4).
   It affects your strength (-4).
   It affects your dexterity (+3).
   It insulates you from electricity.
   It protects you from poison.
 Q - an uncursed ring of protection from fire
Scrolls
 g - 8 scrolls of remove curse {@r2}
 r - a scroll of recharging
 y - 3 scrolls of teleportation {@r0}
 D - a scroll of fear
 E - 3 scrolls of enchant weapon
 K - a scroll of magic mapping
 R - a scroll of blinking {@r7}
Potions
 f - 4 potions of agility
 h - 3 potions of berserk rage
 l - 3 potions of resistance
 m - 4 potions of brilliance
 p - 2 potions of might
 s - 2 potions of invisibility
 u - 4 potions of haste
 w - a potion of cancellation
 x - a potion of flight
 B - 2 potions of lignification {!q}
 C - 3 potions of curing {@q2}
 F - a potion of mutation {!q}
 G - 4 potions of ambrosia
Comestibles
 c - 10 bread rations {@e1}
 d - 10 royal jellies {@e3}
 k - 47 fruits {@e2}
 z - 9 meat rations {@e1}
 S - 6 chunks of flesh


   Skills:
 - Level 15.0 Fighting
 - Level 14.0 Maces & Flails
 - Level 6.6 Slings
 - Level 15.0 Armour
 * Level 13.0 Dodging


You had 13 spell levels left.
You didn't know any spells.

Dungeon Overview and Level Annotations

Branches:
Dungeon (12/15)            Temple (1/1) D:7            Lair (6/6) D:11
 Shoals (0/4) Lair:3        Snake (0/4) Lair:3        Slime (0/5) Lair:5
    Orc (0/2) D:11

Altars:
Cheibriados
Dithmenos
Fedhas
Gozag
Makhleb
Okawaru
Xom
Zin
Jiyva

Shops:
D:4 (

Portals:
Trove: D:10 (give +6 demon blade)

Annotations:
D:7 exclusion: oklob plant
Lair:5 1 runed door


Innate Abilities, Weirdness & Mutations

You reflexively headbutt those who attack you in melee.
You have a pair of horns on your head.
You are partially covered in slimy green scales. (AC +2)
Your flesh is heat resistant. (rF+)
Your muscles are strong. (Str +2)


Message History

The seven-headed hydra bites you!
* * * LOW HITPOINT WARNING * * *
The seven-headed hydra bites you but does no damage. x2
The blink frog blinks!
The electric eel shoots out a bolt of lightning at you!
The bolt of electricity hits you! You resist.
* * * LOW HITPOINT WARNING * * *
The spiny frog stings you!
* * * LOW HITPOINT WARNING * * *
You are poisoned.
The spiny frog poisons you!
The blink frog blinks!
You feel sick.
The electric eel shoots out a bolt of lightning at you!
The bolt of electricity hits you! You resist.
* * * LOW HITPOINT WARNING * * *
The blink frog blinks!
The spiny frog barely misses you. You furiously retaliate!
You headbutt the spiny frog, but do no damage.
The blink frog blinks!
You die...

≈≈≈P..##......### ##...#
≈≈≈≈;§≈#.........# ##....#
≈≈≈.P...#......÷#†# #P....#
≈≈..≈P.≈#....<.#.####....##
...............### #.....#
.....≈!..†....## ##....##
..............## ##P....#
#$#P.........P###.....##
#....§..@...##.##...##
#####....DF...###.......#
#.#.P.........# ###....##
#............# ##...##
###...........#####...##
###...........####.......#
........†....P####......##
..........PP###.#.......#
............# #......P.##


You could see a seven-headed hydra, a spiny frog and an electric eel.

Vanquished Creatures
  Kirke (D:12)
  The ghost of GlassEater the Unseen, a journeyman NaBe of Trog (D:11)
  Josephine (D:12)
  Fannar (Lair:3)
  2 ice dragons (IceCv)
  6 hydras
  The ghost of bakman329 the Basher, a novice MiBe of Trog (Lair:1)
  2 two-headed ogres
  5 death yaks (Lair:5)
  The ghost of Marinez the Thaumaturge, a journeyman DECj of Makhleb (D:10)
  Nergalle (D:10)
  Urug (D:10)
  2 unseen horrors
  A deep elf mage (D:12)
  A cyclops (D:11)
  9 elephants
  A black mamba (Lair:5)
  6 rime drakes
  22 spiny frogs
  2 ice devils (Lair:3)
  8 komodo dragons
  3 trolls
  A hornet (Lair:3)
  4 blink frogs (Lair:6)
  5 polar bears
  Grinder (D:3)
  A snapping turtle (Lair:3)
  13 hippogriffs
  A shadow (D:12)
  5 wraiths (D:12)
  3 hogs (D:12)
  9 yaks
  7 basilisks
  11 wyverns
  A hungry ghost (D:9)
  2 vampire mosquitoes (Lair:6)
  A naga (Lair:3)
  7 porcupines
  10 water moccasins
  6 orc warriors
  3 sky beasts
  16 ice beasts
  2 phantoms
  3 black bears
  2 swamp drakes (Lair:2)
  3 necrophages
  An ogre (D:7)
  6 wolves (Lair:1)
  5 centaurs
  10 crocodiles
  A big kobold (D:7)
  A wyvern zombie (D:10)
  25 bullfrogs
  A wyvern skeleton (D:8)
  A water moccasin skeleton (D:10)
  A scorpion (D:10)
  10 killer bees
  2 vampire bats (Lair:5)
  An electric eel (Lair:4)
  A howler monkey (D:11)
  7 crimson imps
  3 jellies
  A quasit (D:10)
  A bullfrog skeleton (D:9)
  5 orc priests
  3 hounds
  8 orc wizards
  3 iguanas
  9 worker ants
  3 hound zombies
  A hound skeleton (D:9)
  A worker ant zombie (D:5)
  16 adders
  2 gnolls
  A river rat (Lair:2)
  2 shadow imps
  3 oozes
  2 adder skeletons (D:7)
  2 adder zombies
  3 worms
  5 dart slugs
  4 leopard geckos
  58 orcs
  2 ball pythons
  12 bats
  5 giant cockroaches
  6 goblins
  12 hobgoblins
  8 jackals
  10 kobolds
  6 quokkas
  A ball python skeleton (D:4)
  4 frilled lizards
  A leopard gecko skeleton (D:8)
  A leopard gecko zombie (D:5)
  4 rats
  A fungus (Lair:3)
  A plant (D:11)
478 creatures vanquished.

Vanquished Creatures (collateral kills)
  A vault guard (D:10)
  A cyclops (D:12)
  A crimson imp (D:10)
3 creatures vanquished.

Vanquished Creatures (others)
  2 humans (D:12)
  A river rat (Lair:2)
  A bush (D:5)
  4 fungi (Lair:6)
  32 plants
40 creatures vanquished.

Grand Total: 521 creatures vanquished

Notes
Turn   | Place    | Note
-------+----------+-------------------------------------------
     0 | D:1      | HarryHood the Minotaur Berserker began the quest for the Orb.
     0 | D:1      | Reached XP level 1. HP: 19/19 MP: 0/0
    98 | D:1      | Reached skill level 4 in Fighting
   199 | D:1      | Reached XP level 2. HP: 25/28 MP: 1/1
   664 | D:2      | Reached skill level 5 in Fighting
   734 | D:2      | Reached XP level 3. HP: 34/36 MP: 2/2
   735 | D:2      | Found a snail-covered altar of Cheibriados.
  1262 | D:2      | Reached ** piety under Trog
  1408 | D:2      | Found a glowing silver altar of Zin.
  1412 | D:2      | Found a shadowy altar of Dithmenos.
  1415 | D:2      | Found an iron altar of Okawaru.
  1451 | D:3      | Reached XP level 4. HP: 44/44 MP: 3/3
  1459 | D:3      | Reached skill level 6 in Fighting
  1551 | D:3      | Reached skill level 4 in Maces & Flails
  1642 | D:3      | Noticed Grinder
  1656 | D:3      | Killed Grinder
  1656 | D:3      | Reached skill level 6 in Maces & Flails
  1656 | D:3      | Reached XP level 5. HP: 27/50 MP: 4/4
  1656 | D:3      | Reached XP level 6. HP: 31/57 MP: 5/5
  2109 | D:3      | Reached skill level 3 in Armour
  2475 | D:4      | Reached *** piety under Trog
  2525 | D:4      | Reached skill level 4 in Armour
  2681 | D:4      | Reached skill level 5 in Armour
  2777 | D:4      | Found Izuntek's Weapon Shop.
  2880 | D:4      | Reached XP level 7. HP: 60/63 MP: 6/6
  3029 | D:4      | Bought a +0 hunting sling for 16 gold pieces
  3050 | D:5      | Entered Level 5 of the Dungeon
  3128 | D:5      | Reached skill level 6 in Armour
  3413 | D:5      | Got a shadowed robe
  3459 | D:5      | Reached skill level 3 in Dodging
  3527 | D:5      | Reached skill level 4 in Dodging
  3697 | D:5      | Reached skill level 5 in Dodging
  3780 | D:5      | Reached XP level 8. HP: 52/70 MP: 4/7
  3925 | D:5      | Reached skill level 6 in Dodging
  4440 | D:6      | Reached skill level 7 in Fighting
  4805 | D:7      | Reached skill level 8 in Fighting
  4809 | D:7      | Reached **** piety under Trog
  4914 | D:7      | Reached skill level 9 in Fighting
  4923 | D:7      | Reached skill level 7 in Maces & Flails
  5243 | D:7      | Found a blossoming altar of Fedhas.
  5289 | D:7      | Noticed an oklob plant
  5372 | D:7      | Found a staircase to the Ecumenical Temple.
  5458 | D:7      | Reached skill level 8 in Maces & Flails
  5458 | D:7      | Reached XP level 9. HP: 81/83 MP: 8/8
  5927 | Temple   | Entered the Ecumenical Temple
  5987 | D:8      | Received a gift from Trog
  6074 | D:8      | Reached skill level 9 in Maces & Flails
  6230 | D:8      | Reached skill level 7 in Armour
  6546 | D:8      | Reached skill level 8 in Armour
  6945 | D:9      | Reached skill level 9 in Armour
  6954 | D:9      | Reached skill level 7 in Dodging
  6962 | D:9      | Upgraded the game from 0.20-a0-738-gb057e68 to 0.20-a0-739-g6bb112f
  7009 | D:9      | Noticed a troll
  7013 | D:9      | Reached skill level 8 in Dodging
  7020 | D:9      | Killed a troll
  7020 | D:9      | Reached XP level 10. HP: 64/91 MP: 7/9
  7073 | D:9      | Reached skill level 9 in Dodging
  7466 | D:9      | Reached skill level 1 in Slings
  7472 | D:9      | Reached ***** piety under Trog
  7490 | D:9      | Reached skill level 2 in Slings
  7508 | D:9      | Found a burning altar of Makhleb.
  7729 | D:9      | Found a burning altar of Makhleb.
  7730 | D:9      | Found a shimmering altar of Xom.
  7943 | D:9      | Reached skill level 3 in Slings
  7978 | D:9      | Identified a scroll of acquirement
  7988 | D:10     | Entered Level 10 of the Dungeon
  8021 | D:10     | Noticed Marinez's ghost (journeyman DECj)
  8036 | D:10     | Killed Marinez's ghost
  8036 | D:10     | Reached skill level 5 in Slings
  8058 | D:10     | Got an ichor-stained falchion
  8264 | D:10     | Noticed a two-headed ogre
  8280 | D:10     | Killed a two-headed ogre
  8280 | D:10     | Reached skill level 6 in Slings
  8594 | D:10     | Noticed Urug
  8619 | D:10     | Killed Urug
  8619 | D:10     | Reached skill level 10 in Fighting
  9235 | D:10     | Noticed a vault guard
  9252 | D:10     | Reached skill level 11 in Fighting
  9255 | D:10     | Killed a vault guard
  9445 | D:10     | Found a portal to a secret trove of treasure.
  9527 | D:10     | Noticed Nergalle
  9547 | D:10     | Killed an unseen horror
  9547 | D:10     | Reached XP level 11. HP: 20/103 MP: 5/10
  9547 | D:10     | HP: 12/154 [Nergalle/bolt of negative energy (6)]
  9548 | D:10     | Killed Nergalle
  9548 | D:10     | Reached skill level 12 in Fighting
  9551 | D:10     | HP: 3/103 [poisoned by Nergalle]
 10035 | D:10     | Identified the +5 falchion of Valiance {venom, rF+ Str+6} (You found it on level 10 of the Dungeon)
 10114 | D:11     | Found a staircase to the Lair.
 10159 | D:11     | Noticed a two-headed ogre
 10166 | D:11     | Killed a two-headed ogre
 10378 | D:11     | Killed an unseen horror
 10378 | D:11     | Received a gift from Trog
 10458 | D:11     | Reached skill level 13 in Fighting
 10643 | D:11     | Noticed an eight-headed hydra
 10655 | D:11     | Killed an eight-headed hydra
 10655 | D:11     | Reached skill level 10 in Maces & Flails
 10683 | D:11     | Noticed GlassEater's ghost (journeyman NaBe)
 10708 | D:11     | Killed GlassEater's ghost
 11006 | D:11     | Reached skill level 11 in Maces & Flails
 11071 | D:11     | Found a staircase to the Orcish Mines.
 11074 | D:11     | Received a gift from Trog
 11335 | D:12     | Noticed Kirke
 11372 | D:12     | Killed Kirke
 11372 | D:12     | Reached skill level 12 in Maces & Flails
 11376 | D:12     | Noticed Josephine
 11384 | D:12     | Killed Josephine
 11384 | D:12     | Reached skill level 10 in Armour
 11384 | D:12     | Reached XP level 12. HP: 53/115 MP: 7/11
 11601 | D:12     | Received a gift from Trog
 11879 | D:12     | Reached skill level 11 in Armour
 12347 | Lair:1   | Entered Level 1 of the Lair of Beasts
 12532 | Lair:1   | Reached skill level 12 in Armour
 12544 | Lair:1   | Found a shadowy altar of Dithmenos.
 12600 | Lair:1   | Noticed a five-headed hydra
 12609 | Lair:1   | Killed a five-headed hydra
 12617 | Lair:1   | Noticed bakman329's ghost (novice MiBe)
 12632 | Lair:1   | Killed bakman329's ghost
 12632 | Lair:1   | Reached skill level 10 in Dodging
 13623 | Lair:2   | Noticed an eight-headed hydra
 13628 | Lair:2   | Reached skill level 11 in Dodging
 13635 | Lair:2   | Killed an eight-headed hydra
 14315 | Lair:2   | Gained mutation: You are partially covered in slimy green scales. (AC +2) [potion of mutation]
 14315 | Lair:2   | Gained mutation: Your muscles are strong. (Str +2) [potion of mutation]
 14315 | Lair:2   | Gained mutation: Your flesh is heat resistant. (rF+) [potion of mutation]
 14380 | Lair:3   | Reached skill level 12 in Dodging
 14387 | Lair:3   | Received a gift from Trog
 14391 | Lair:3   | Reached skill level 13 in Maces & Flails
 14654 | Lair:3   | Found a staircase to the Snake Pit.
 14686 | Lair:3   | Reached XP level 13. HP: 122/122 MP: 12/12
 14757 | Lair:3   | Found a frozen archway.
 15014 | IceCv    | Entered an ice cave
 15069 | IceCv    | Reached skill level 14 in Maces & Flails
 15074 | IceCv    | Received a gift from Trog
 15472 | IceCv    | Got an ancient steel ring
 15478 | IceCv    | Got a flickering lead ring
 15489 | IceCv    | Identified the ring "Doystev" {rElec rF++ Dex-4 SInv} (You found it in an ice cave)
 15491 | IceCv    | Identified the ring "Gumat" {rElec rPois AC+4 Str-4 Dex+3} (You found it in an ice cave)
 15804 | Lair:3   | Noticed Fannar
 15810 | Lair:3   | Killed Fannar
 15851 | Lair:3   | Found a staircase to the Shoals.
 16115 | Lair:3   | Reached skill level 14 in Fighting
 16922 | Lair:4   | Reached skill level 15 in Fighting
 17398 | Lair:4   | Reached skill level 13 in Armour
 17450 | Lair:4   | Received a gift from Trog
 17458 | Lair:4   | Got a bone fustibalus {god gift}
 17640 | Lair:4   | Identified the +8 fustibalus "Mucsug" {freeze, rPois rC+} (Trog gifted it to you on level 4 of the Lair of Beasts)
 17939 | Lair:5   | Found a runed door.
 17939 | Lair:5   | Found a viscous altar of Jiyva.
 17939 | Lair:5   | Found a staircase to the Slime Pits.
 17939 | Lair:5   | Noticed an azure jelly
 18080 | Lair:5   | Reached skill level 14 in Armour
 18201 | Lair:5   | Reached XP level 14. HP: 56/135 MP: 5/13
 19056 | Lair:6   | Entered Level 6 of the Lair of Beasts
 19089 | Lair:6   | Reached skill level 15 in Armour
 19380 | Lair:6   | Reached skill level 13 in Dodging
 19391 | Lair:6   | HP: 13/135 [electric eel/bolt of electricity (2)]
 19391 | Lair:6   | HP: 3/135 [spiny frog (10)]
 19392 | Lair:6   | HP: 1/135 [electric eel/bolt of electricity (2)]
 19393 | Lair:6   | Succumbed to a spiny frog's poison

Vault maps used:
D:1:      matt_arrival_spirals
D:2:      minitemple, kennysheep_slug_shrine
D:3:      first_bread, uniq_grinder
D:4:      serial_shops, kennysheep_little_box, kennysheep_generic_room_7
D:5:      kb_lookout_dungeons_type, kennysheep_generic_room_10
D:7:      tgw_fedhas, minmay_temple_entry_butterflies, grunt_ogre_cave,
          kennysheep_pointless_box, grunt_ministairs_8, minmay_misc_feat_iff
D:8:      kennysheep_generic_room_4
D:9:      grunt_temple_overflow_champion_of_chaos, makhleb_blood_cavern_becter
D:10:     enter_trove_5, uniq_urug, uniq_nergalle
D:11:     david_lair_shrubbed, david_orc_4
D:12:     uniq_kirke, uniq_josephine
Temple:   regret_index_temple_generic_petals
Lair:1:   basic_altar, lemuel_fruit_fields, grunt_megastairs_3,
          lemuel_fruit_tree, serial_bayou_shore_b
Lair:2:   pond
Lair:3:   minmay_shoals_entry_hut, guppyfry_snake_entry_island,
          portal_ice_cave_demonic_guard, uniq_fannar
Lair:4:   special_room, grunt_megastairs_2, serial_bayou_shore_b,
          lemuel_fruit_fields, infiniplex_staircase_pool
Lair:5:   slime_altar_2, roderic_batcave, beast_lair_carwin_6
Lair:6:   minmay_lair_end_frog_pond
IceCv:    ice_cave_small_dragons

Skill      XL: |  1  2  3  4  5  6  7  8  9 10 11 12 13 14 |
---------------+-------------------------------------------+-----
Fighting       | 4 5 6 9 11 13 15 | 15.0
Maces & Flails | 6 8 9 12 13 14 | 14.0
Armour         | 5 6 9 10 12 14 15 | 15.0
Dodging        | 5 6 8 9 12 13 | 13.0
Slings         | 6 |  6.6

Action                   |  1- 3 |  4- 6 |  7- 9 | 10-12 | 13-15 || total
-------------------------+-------+-------+-------+-------+-------++-------
Melee: Mace              |    72 |    76 |       |       |       ||   148
       Headbutt          |    14 |    18 |    59 |   158 |   140 ||   389
       Flail             |       |    39 |   308 |   594 |   392 ||  1333
       Great mace        |       |       |       |       |   149 ||   149
 Fire: Hunting sling     |       |       |       |    22 |    24 ||    46
       Fustibalus        |       |       |       |       |     4 ||     4
Invok: Berserk           |       |     1 |       |     6 |     1 ||     8
       Burn Spellbooks   |       |       |     1 |     1 |       ||     2
       Brothers in Arms  |       |       |       |     2 |       ||     2
       Trog's Hand       |       |       |       |       |     2 ||     2
  Use: Scroll            |     3 |     3 |    17 |    16 |     2 ||    41
       Potion            |       |       |       |     4 |     3 ||     7
 Stab: Sleeping          |     2 |       |       |       |       ||     2
  Eat: Chunk             |     2 |     5 |    13 |    25 |    15 ||    60
       Royal jelly       |       |       |       |     2 |       ||     2
       Bread ration      |       |       |       |     1 |       ||     1
       Fruit             |       |       |       |       |     2 ||     2
Armor: Animal skin       |    13 |    11 |       |       |       ||    24
       Chain mail        |       |    18 |   103 |       |       ||   121
       Leather armour    |       |     3 |       |       |       ||     3
       Plate armour      |       |       |    75 |   350 |   372 ||   797
Dodge: Dodged            |    49 |    63 |   167 |   289 |   412 ||   980
